 Dungeon Crawl Stone Soup version 0.30.1-9-gdf580d7c3d (webtiles) character file.

Game seed: 5214996173261579963

3770 monsoonserge the Nimble (level 9, -4/71 HPs)
             Began as a Demonspawn Warper on Oct 4, 2023.
             Killed from afar by a gargoyle (17 damage)
             ... with a stone arrow
             ... on level 6 of the Dungeon.
             The game lasted 00:28:50 (7327 turns).

monsoonserge the Nimble (Demonspawn Warper)         Turns: 7327, Time: 00:28:51

Health: -4/71      AC:  7    Str: 13    XL:     9   Next: 94%
Magic:  12/12      EV: 15    Int: 24    God:
Gold:   299        SH:  5    Dex: 12    Spells: 10/12 levels left

rFire   . . .        a - +4 quarterstaff (chaos)
rCold   + . .        (shield currently unavailable)
rNeg    + . .        Q - +2 robe {rN+}
rPois   +            f - +0 helmet
rElec   .            G - +0 cloak
rCorr   .            (no gloves)
SInv    .            M - +0 pair of boots
Will    .....        m - amulet of reflection
Stlth   +++          O - ring of protection from cold
HPRegen 0.31/turn    s - ring of poison resistance
MPRegen 0.13/turn

%: reflection, wizardry (x1)
@: about to teleport
A: demonic guardian 1, big brain 3, demonic touch 1
a: no special abilities


You were on level 6 of the Dungeon.
You visited 1 branch of the dungeon, and saw 6 of its levels.

You collected 299 gold pieces.

Inventory:

Hand Weapons
 a - a +4 quarterstaff of chaos (weapon)
 y - a +0 heavy flail
 B - a +3 spear of venom
 F - a +0 rapier of flaming
 P - a +1 dagger of speed
 V - a +5 falchion
Missiles
 d - 7 boomerangs of dispersal
 k - 3 atropa-tipped darts
 l - 9 poisoned darts
 q - 5 boomerangs (quivered)
 H - a throwing net
Armour
 f - a +0 helmet (worn)
 j - a +0 cloak
 v - an orb of energy
 D - a +1 robe of willpower
 E - a +0 ring mail
 G - a +0 cloak (worn)
 M - a +0 pair of boots (worn)
 Q - a +2 robe of positive energy (worn)
 W - a +0 scale mail
Jewellery
 b - a ring of fire
 i - a ring of resist corrosion
 m - an amulet of reflection (around neck)
 s - a ring of poison resistance (right hand)
 C - an amulet of guardian spirit
 O - a ring of protection from cold (left hand)
 T - a ring of protection from cold
Wands
 r - a wand of polymorph (6)
 z - a wand of iceblast (6)
 N - a wand of quicksilver (5)
 R - a wand of flame (8)
Scrolls
 c - 2 scrolls of blinking
 e - 6 scrolls of identify {unknown}
 h - 3 scrolls of amnesia {unknown}
 t - a scroll of fear {unknown}
 w - 3 scrolls of teleportation
 I - a scroll of enchant weapon {unknown}
 K - a scroll of immolation {unknown}
Potions
 g - a potion of lignification {unknown}
 n - a potion of ambrosia
 o - a potion of heal wounds {unknown}
 p - 2 potions of haste
 u - 2 potions of berserk rage
 x - a potion of resistance {unknown}
 J - 2 potions of attraction {unknown}
 L - a potion of brilliance {unknown}
 S - a potion of degeneration {unknown}
 U - a potion of invisibility {unknown}


   Skills:
 + Level 6.8 Fighting
 - Level 3.0(3.8) Maces & Flails
 + Level 3.9(4.7) Polearms
 - Level 3.7(5.0) Staves
 + Level 1.8 Throwing
 - Level 2.0 Armour
 + Level 8.3 Dodging
 + Level 4.3 Stealth
 + Level 1.0 Unarmed Combat
 - Level 2.0 Spellcasting
 - Level 3.0 Translocations
 - Level 1.0 Evocations


You had 10 spell levels left.
You knew the following spells:

 Your Spells              Type           Power      Damage    Failure   Level
a - Blink                 Tloc           32%        N/A       2%          2

Your spell library contained the following spells:

 Spells                   Type           Power      Damage    Failure   Level
 Lesser Beckoning         Tloc           32%        N/A       2%          2
 Beastly Appendage        Tmut           4%         N/A       4%          1
 Teleport Other           Tloc           16%        N/A       4%          3
 Wereblood                Tmut           2%         N/A       8%          2
 Vhi's Electric Charge    Tloc/Air       18%        N/A       8%          3
 Spider Form              Tmut/Pois      2%         N/A       14%         3
 Manifold Assault         Tloc           16%        N/A       14%         4


Dungeon Overview and Level Annotations

Branches:
Dungeon (6/15)
 Temple: D:4-7

Altars:
Fedhas
Makhleb
Nemelex Xobeh
Xom
Yredelemnul

Annotations:
D:3 dig
D:5 3 runed translucent doors, kaesle's ghost, novice HOFi


Innate Abilities, Weirdness & Mutations

A weak demonic guardian rushes to your aid.
You have an absolutely massive brain. (Int +6, Wiz)
Your touch may inflict minor irresistible damage on your foes.


Message History

The shadow is moderately damaged.
The shadow hits you.
You barely miss the shadow.
The shadow is moderately damaged.
You block the shadow's attack.
You sock the shadow!
The shadow is severely damaged.
The shadow barely misses you.
You sock the shadow!
You destroy the shadow!
The white imp gestures at you.
The puff of frost hits you but does no damage.
A gargoyle comes into view. It is wielding a +0 mace.
You sock the white imp!
You kill the white imp!
Found 19 gold pieces.
The gargoyle misses you.
You hit the gargoyle but do no damage.
A phantom comes into view.
The gargoyle hurls a stone arrow at you.
The stone arrow hits you!!
You hit the gargoyle.
The gargoyle is lightly damaged.
The gargoyle hits you with a +0 mace!!
* * * LOW HITPOINT WARNING * * *
A demonic guardian appears!
Unknown command.
You swap places.
The phantom misses you.
Your white imp barely misses the gargoyle.
As you read the scroll labelled FAKHLI MIGUUSUV, it crumbles to dust.
You feel strangely unstable.
It was a scroll of teleportation.
The phantom hits you but does no damage.
The gargoyle hits your white imp with a +0 mace!!
Your white imp dies!
Your white imp disappears in a puff of smoke!
You thump the phantom!
The phantom is moderately damaged.
You block the phantom's attack.
The gargoyle hurls a stone arrow at you.
The stone arrow hits you!
You die...

#####...###~# ##~.#
###.......#..~# .#~.#
..#.####....~~# .#~.##
#.#.####....~## .#~..##
..[.........~# # $#~~..##
#.#.#####.#.~#~.#.##~~..#
..#.# ###.##~#.#.#.##~~.#
....###.....~##W~.####~.#
..........#~~#.#@#.#~#~.#
#######.##~~##9.#.~#~~~.#
..........~###.#.#.#~...#
#######..#~#~#.[~.##~..##
..........~~~##..#.#~.##
##.####..#..~#~#..~#~.##
#.# #..#..~#..#.##~..##
##.####..# ~~#.#.#.#~~..#
.......... ~###...###~~.#


You could see a gargoyle and a phantom.

Vanquished Creatures
  Pikel (D:4)
  A komodo dragon (D:6)
  The ghost of middlethird the Grave Robber, an amateur FoNe (D:3)
  Grinder (D:4)
  A shadow (D:6)
  Eustachio (D:5)
  A steam dragon (D:6)
  Edmund (D:5)
  Duvessa (D:6)
  A water moccasin (D:5)
  2 black bears
  An ice beast (D:6)
  A lemure (D:4)
  A phantom (D:5)
  A necrophage (D:6)
  2 scorpions
  4 wights
  Dowan (D:6)
  3 water moccasin zombies (D:6)
  A bullfrog zombie (D:6)
  5 hounds
  2 centaur zombies (D:6)
  An orc priest (D:5)
  Crazy Yiuf (D:5)
  A human zombie (D:6)
  6 iguanas
  A sleepcap (D:5)
  Ijyb (D:3)
  Terence (D:3)
  An orc wizard (D:5)
  2 killer bee zombies (D:6)
  A mummy (D:6)
  A howler monkey zombie (D:6)
  Robin (D:3)
  2 howler monkey skeletons (D:3)
  9 adders
  7 gnolls
  2 white imps (D:6)
  3 ufetubi
  A worm (D:4)
  3 dart slugs
  11 orcs
  7 ball pythons
  4 bats
  11 endoplasms
  11 giant cockroaches
  5 hobgoblins
  6 kobolds
  5 quokkas
  6 frilled lizards
  16 goblins
  7 rats
168 creatures vanquished.

Vanquished Creatures (collateral kills)
  A centaur zombie (D:3)
  An adder (D:6)
  A bat (D:1)
  An endoplasm (D:1)
  A goblin (D:3)
5 creatures vanquished.

Vanquished Creatures (others)
  An adder (D:6)
1 creature vanquished.

Grand Total: 174 creatures vanquished

Notes
Turn   | Place    | Note
-------+----------+-------------------------------------------
     0 | D:1      | monsoonserge the Demonspawn Warper began the quest for the
                  | Orb.
     0 | D:1      | Reached XP level 1. HP: 16/16 MP: 3/3
   124 | D:1      | Reached skill level 1 in Armour
   128 | D:1      | Gained mutation: A weak demonic guardian rushes to your
                  | aid. [demonic ancestry]
   128 | D:1      | Reached XP level 2. HP: 22/22 MP: 5/5
   180 | D:1      | Learned a level 2 spell: Blink
   295 | D:1      | Reached skill level 2 in Dodging
   709 | D:1      | Gained mutation: You have an unusually large brain. (Int
                  | +2) [demonic ancestry]
   709 | D:1      | Reached XP level 3. HP: 26/27 MP: 6/6
  1476 | D:2      | Reached XP level 4. HP: 11/34 MP: 4/7
  1595 | D:3      | Noticed Ijyb
  1676 | D:3      | Found a transporter.
  1679 | D:3      | Found a transporter.
  1680 | D:3      | Noticed middlethird's ghost (amateur FoNe)
  1797 | D:3      | Found a faded altar of an unknown god.
  1859 | D:3      | Noticed Terence
  1870 | D:3      | Killed Terence
  2102 | D:3      | Noticed Robin
  2139 | D:3      | Killed Robin
  2140 | D:3      | Reached XP level 5. HP: 21/40 MP: 8/8
  2753 | D:3      | Killed Ijyb
  2754 | D:3      | Reached skill level 1 in Evocations
  2827 | D:4      | Reached skill level 1 in Polearms
  2827 | D:4      | Reached skill level 1 in Throwing
  2844 | D:4      | Noticed Grinder
  2853 | D:5      | Entered Level 5 of the Dungeon
  2964 | D:5      | Gained mutation: You have an extremely huge brain. (Int +4)
                  | [demonic ancestry]
  2964 | D:5      | Reached XP level 6. HP: 46/47 MP: 9/9
  3026 | D:5      | Reached skill level 3 in Dodging
  3040 | D:5      | Reached skill level 1 in Stealth
  3117 | D:5      | Found a runed translucent gate.
  3117 | D:5      | Found a runed translucent gate.
  3117 | D:5      | Found a runed translucent gate.
  3118 | D:5      | Noticed kaesle's ghost (novice HOFi)
  3141 | D:5      | Noticed Eustachio
  3184 | D:5      | Killed Eustachio
  3185 | D:5      | Gained mutation: Your touch may inflict minor irresistible
                  | damage on your foes. [demonic ancestry]
  3185 | D:5      | Reached XP level 7. HP: 19/53 MP: 7/10
  3342 | D:5      | Reached skill level 4 in Dodging
  3478 | D:5      | Reached skill level 1 in Unarmed Combat
  3714 | D:4      | Killed Grinder
  3715 | D:4      | Reached skill level 5 in Dodging
  3715 | D:4      | Gained mutation: You have an absolutely massive brain. (Int
                  | +6, Wiz) [demonic ancestry]
  3715 | D:4      | Reached XP level 8. HP: 30/61 MP: 11/11
  3920 | D:4      | Found a sparkling altar of Nemelex Xobeh.
  4053 | D:4      | Noticed Sigmund
  4150 | D:5      | Found a runed translucent door.
  4151 | D:5      | Noticed Crazy Yiuf
  4570 | D:5      | Noticed Edmund
  4579 | D:5      | Killed Edmund
  4580 | D:5      | Reached skill level 6 in Dodging
  4772 | D:6      | Reached skill level 5 in Fighting
  4797 | D:6      | Noticed Duvessa
  4798 | D:6      | Found a burning altar of Makhleb.
  4798 | D:6      | Noticed Dowan
  4799 | D:6      | Found a blossoming altar of Fedhas.
  4938 | D:5      | Killed Crazy Yiuf
  5104 | D:4      | Noticed Pikel
  5117 | D:4      | Killed Pikel
  5118 | D:4      | Reached skill level 7 in Dodging
  5252 | D:4      | Sigmund changed into Sigmund the kobold
  5252 | D:4      | Noticed Sigmund
  5259 | D:4      | Killed Sigmund the kobold
  5318 | D:4      | Reached XP level 9. HP: 69/69 MP: 12/12
  5536 | D:3      | Killed middlethird's ghost
  5543 | D:3      | Reached skill level 1 in Staves
  6194 | D:6      | Killed Duvessa
  6194 | D:6      | Killed Dowan
  6348 | D:6      | Found a shimmering altar of Xom.
  6564 | D:6      | Found a basalt altar of Yredelemnul.
  7057 | D:6      | Reached skill level 8 in Dodging
  7137 | D:6      | Noticed a komodo dragon
  7152 | D:6      | Killed a komodo dragon
  7320 | D:6      | Noticed a gargoyle
  7327 | D:6      | Killed from afar by a gargoyle

Illustrated notes

Levels and vault maps discovered:
D:1:      elethiomel_arrival_shortcut, layout_basic
D:2:      layout_loops_ring
D:3:      minmay_roachtagon, layout_loops_corners,
          shapermc_ecumenical_altar_mp_ritualfount, gammafunk_ghost_mausoleum,
          due_unseen_surprise, uniq_ijyb, uniq_terence, uniq_robin
D:4:      layout_cave_pools, gammafunk_temple_overflow_pools, uniq_pikel,
          uniq_grinder, uniq_sigmund
D:5:      layout_gridville, gammafunk_ghost_necromancy, uniq_crazy_yiuf_cottage,
          uniq_eustachio, uniq_edmund
D:6:      layout_loops_ring, lemuel_tele_altar, lemuel_round_altar,
          mainiacjoe_overflow_catch_the_wave,
          lemuel_mausoleum_altar_yredelemnul, minmay_manual_mullet, uniq_duvessa

Skill      XL: |  1  2  3  4  5  6  7  8  9 |
---------------+----------------------------+-----
Maces & Flails | 2 3 |  3.0
Armour         | 1 2 |  2.0
Dodging        | 2 3 5 7 8 |  8.3
Translocations | 3 |  3.0
Fighting       | 3 4 5 6 |  6.8
Evocations     | 1 |  1.0
Polearms       | 1 3 |  3.9
Throwing       | 1 |  1.8
Stealth        | 1 2 3 4 |  4.3
Unarmed Combat | 1 |  1.0
Staves         | 3 |  3.7
Spellcasting   | |  2.0

Action                     |  1- 3 |  4- 6 |  7- 9 || total
---------------------------+-------+-------+-------++-------
  Melee: Mace              |   185 |    60 |       ||   245
         Punch             |       |     2 |     4 ||     6
         Spear             |       |   122 |   291 ||   413
         Touch             |       |       |    41 ||    41
         Quarterstaff      |       |       |    97 ||    97
  Throw: Boomerang         |       |     3 |     7 ||    10
         Dart              |       |     1 |     3 ||     4
   Cast: Blink             |     1 |     4 |       ||     5
  Evoke: Wand              |       |     2 |     3 ||     5
    Use: Potion            |       |     2 |       ||     2
         Scroll            |       |       |     1 ||     1
   Stab: Sleeping          |       |     2 |     4 ||     6
         Distracted        |       |       |     1 ||     1
 Armour: Leather armour    |    67 |    27 |       ||    94
         Robe              |       |    55 |   101 ||   156
  Dodge: Dodged            |    97 |   186 |   230 ||   513
  Block: Other             |    40 |    64 |    88 ||   192
         Reflection        |       |     2 |     1 ||     3
